 Dungeon Crawl Stone Soup version 0.29.0-4-gdea44cf6ec (webtiles) character file.

Game seed: 9801700632717483846

6899 qw the Severer (level 9, -3/89 HPs)
             Began as a Minotaur Fighter on Sept 8, 2022.
             Was a Follower of Ru.
             Slain by a wyvern (11 damage)
             ... on level 8 of the Dungeon.
             The game lasted 00:03:37 (9201 turns).

qw the Severer (Minotaur Fighter)                   Turns: 9201, Time: 00:03:38

Health: -3/89      AC: 12    Str: 24 (25) XL:     9   Next: 79%
Magic:  8/8        EV: 10    Int:  5      God:    Ru [*.....]
Gold:   322        SH:  5    Dex: 10      Spells: 8/8 levels left

rFire   . . .      SeeInvis .   Y - +0 war axe
rCold   . . .      Faith    +   c - +0 buckler
rNeg    + . .      Spirit   .   g - +0 chain mail
rPois   .          Reflect  .   (helmet restricted)
rElec   .          Harm     .   o - +0 cloak
rCorr   +          Rampage  .   (no gloves)
Will    .....                   j - +0 pair of boots {Stlth+}
Stlth   ..........              a - amulet "Wonuer" {Faith rCorr Slay+3 Stlth+}
HPRegen 0.24/turn               m - +4 ring of slaying {mikee}
MPRegen 0.11/turn               e - ring of positive energy

@: about to teleport
A: horns 2, inexperienced 1, retaliatory headbutt
a: Renounce Religion


You were on level 8 of the Dungeon.
You worshipped Ru.
Ru was aware of your devotion.
You visited 2 branches of the dungeon, and saw 9 of its levels.

You collected 322 gold pieces.


Innate Abilities, Weirdness & Mutations

You have a pair of horns on your head.
You are somewhat inexperienced. (-1 XL)
You reflexively headbutt those who attack you in melee.


   Skills:
 - Level 11.6 Fighting
 - Level 16.9 Axes
 - Level 1.1 Throwing
 + Level 5.5 Armour
 - Level 8.4 Dodging
 - Level 6.1 Shields


You had 8 spell levels left.
You didn't know any spells.
Your spell library was empty.

Inventory:

Hand Weapons
 r - a +0 morningstar
 Y - a +0 war axe (weapon)
Missiles
 p - 4 boomerangs (quivered)
Armour
 c - a +0 buckler (worn)
 g - a +0 chain mail (worn)
 j - a +0 pair of boots of stealth (worn)
 o - a +0 cloak (worn)
Jewellery
 a - the amulet "Wonuer" (around neck) {Faith rCorr Slay+3 Stlth+}
   (You acquired it on level 1 of the Dungeon)

   [amulet of faith]

   It allows you to gain divine favour quickly.
   Slay:      It affects your accuracy & damage with ranged weapons and melee
   (+3).
   rCorr:     It protects you from acid and corrosion.
   Stlth:     It makes you more stealthy.
 e - a ring of positive energy (right hand)
 m - a +4 ring of slaying (left hand) {mikee}
Scrolls
 f - a scroll of identify
Potions
 d - a potion of might
 h - 10 potions of curing
 k - a potion of mutation
 q - a potion of haste

Dungeon Overview and Level Annotations

Branches:
Dungeon (8/15)             Temple (1/1) D:6
   Lair: D:8-11

Altars:
Ashenzari
Dithmenos
Makhleb
Nemelex Xobeh
Ru
Vehumet
Zin

Shops:
D:3 [

Annotations:
D:8 Grum


Message History

The wolf barely misses you. The wolf bites you but does no damage.
Grum barely misses you.
You barely miss the wolf.
The wolf is almost dead.
The wolf bites you.
You closely miss the wolf. Your headbutt misses the wolf.
The wolf is almost dead.
The wolf bites you but does no damage. Grum closely misses you.
You closely miss the wolf. Your headbutt misses the wolf.
The wolf is almost dead.
Your surroundings suddenly seem different.
A bullfrog comes into view.
The bullfrog croaks.
You hear an angry hiss.
You hear a shout! x2
A wyvern comes into view.
9194 ||| Stepping ~*~*~tactically~*~*~ (stealth).
The wyvern hisses angrily.
You barely miss the bullfrog. The bullfrog barely misses you.
You hit the bullfrog. Your headbutt misses the bullfrog.
The bullfrog is lightly wounded.
The bullfrog closely misses you.
You slash the bullfrog!
The bullfrog is heavily wounded.
You barely miss the wyvern. The bullfrog hits you. The wyvern bites you!
The bullfrog barely misses you.
You closely miss the bullfrog.
The bullfrog is heavily wounded.
You closely miss the wyvern.
The wyvern bites you but does no damage.
You block the bullfrog's attack.
You barely miss the bullfrog.
The bullfrog is heavily wounded.
You slash the wyvern! The wyvern bites you. The bullfrog barely misses you.
You furiously retaliate!
You headbutt the bullfrog!
9201 ||| READING scroll of teleportation.
As you read the scroll of teleportation, it crumbles to dust.
You feel strangely unstable. The wyvern bites you! The bullfrog hits you.
The wyvern bites you!
You die...

# #.#####+##
#.#......###
#...l.......
#@F.......
####......
..... ....
... .. .


You could see a wyvern and a bullfrog.

Vanquished Creatures
  Grinder (D:6)
  Eustachio (D:6)
  2 steam dragons (D:6)
  Menkaure (D:6)
  5 ice beasts
  A sky beast (D:7)
  2 orc warriors
  3 black bears
  2 centaurs
  A kobold brigand (D:6)
  3 phantoms
  3 scorpions
  A bullfrog (D:7)
  4 necrophages
  6 killer bees (D:7)
  5 hounds
  3 jellies
  An orc priest (D:6)
  2 gnoll boudas
  Natasha (twice) (D:2)
  An iguana (D:6)
  3 orc wizards
  Robin (D:2)
  18 gnolls
  9 adders
  2 shadow imps
  A white imp (D:5)
  An ufetubus (D:5)
  2 worms (D:2)
  4 dart slugs
  20 orcs
  7 ball pythons
  10 endoplasms
  7 giant cockroaches
  11 hobgoblins
  11 jackals
  7 kobolds
  7 quokkas
  7 bats
  3 frilled lizards (D:2)
  14 goblins
  7 rats
202 creatures vanquished.

Vanquished Creatures (others)
  30 plants (D:5)
30 creatures vanquished.

Grand Total: 232 creatures vanquished

Notes
Turn   | Place    | Note
-------+----------+-------------------------------------------
     0 | D:1      | qw the Minotaur Fighter began the quest for the Orb.
     0 | D:1      | Reached XP level 1. HP: 19/19 MP: 0/0
     0 | D:1      | 0 ||| qw: Version: 0.1-a-111-g1c1fd2e
     0 | D:1      | 0 ||| qw: Game counter: 6623
     0 | D:1      | 0 ||| qw: Always use a shield: true
     0 | D:1      | 0 ||| qw: God list: Ru
     0 | D:1      | 0 ||| qw: Allow faded altars: false
     0 | D:1      | 0 ||| qw: Do Orc after D:15 true
     0 | D:1      | 0 ||| qw: Do second Lair branch before Depths: true
     0 | D:1      | 0 ||| qw: Lair rune preference: random
     0 | D:1      | 0 ||| qw: Plans: Normal
     0 | D:1      | 0 ||| PLANNING D:1-11
    29 | D:1      | Reached skill level 3 in Axes
    34 | D:1      | Reached XP level 2. HP: 22/26 MP: 1/1
   367 | D:1      | Reached skill level 4 in Axes
   718 | D:1      | Reached XP level 3. HP: 28/31 MP: 2/2
   973 | D:1      | 973 ||| Stepping ~*~*~tactically~*~*~ (hiding).
  1332 | D:1      | 1332 ||| UPGRADING to +0 pair of boots of stealth.
  1337 | D:1      | 1337 ||| UPGRADING to +4 ring of slaying {mikee}.
  1338 | D:1      | 1338 ||| READING scroll labelled EWENTI HALUZY.
  1339 | D:1      | 1339 ||| READING 3 scrolls labelled ZAITZI VETENG.
  1340 | D:1      | 1340 ||| READING scroll labelled RAALON OCIEG.
  1341 | D:1      | 1341 ||| READING scroll labelled JACUVEH ROUROIHI.
  1341 | D:1      | Identified a scroll of acquirement
  1341 | D:1      | 1341 ||| ACQUIRING amulet "Wonuer" {Faith rCorr Slay+3
                  | Stlth+}
  1341 | D:1      | Acquired the amulet "Wonuer" {Faith rCorr Slay+3 Stlth+}
  1343 | D:1      | 1343 ||| UPGRADING to amulet "Wonuer" {Faith rCorr Slay+3
                  | Stlth+}.
  1348 | D:1      | 1348 ||| READING scroll labelled ZIM SIUJIEFI.
  1349 | D:1      | 1349 ||| DRINKING 3 pink potions.
  1452 | D:2      | 1452 ||| Stepping ~*~*~tactically~*~*~ (stealth).
  1459 | D:2      | 1459 ||| Stepping ~*~*~tactically~*~*~ (stealth).
  1468 | D:2      | 1468 ||| Stepping ~*~*~tactically~*~*~ (stealth).
  1470 | D:2      | 1470 ||| Stepping ~*~*~tactically~*~*~ (stealth).
  1474 | D:2      | 1474 ||| Stepping ~*~*~tactically~*~*~ (stealth).
  1479 | D:2      | 1479 ||| Stepping ~*~*~tactically~*~*~ (stealth).
  1647 | D:2      | Reached skill level 5 in Axes
  1780 | D:2      | 1780 ||| Stepping ~*~*~tactically~*~*~ (stealth).
  1785 | D:2      | 1785 ||| Stepping ~*~*~tactically~*~*~ (stealth).
  1788 | D:2      | 1788 ||| Stepping ~*~*~tactically~*~*~ (hiding).
  1798 | D:2      | Reached skill level 1 in Dodging
  1816 | D:2      | Noticed Robin
  1817 | D:2      | Reached XP level 4. HP: 39/39 MP: 3/3
  1824 | D:2      | Killed Robin
  1881 | D:2      | Noticed Natasha
  1883 | D:2      | Killed Natasha
  2078 | D:2      | Reached skill level 6 in Axes
  2135 | D:2      | 2135 ||| Stepping ~*~*~tactically~*~*~ (stealth).
  2150 | D:2      | 2150 ||| Stepping ~*~*~tactically~*~*~ (stealth).
  2204 | D:2      | Noticed Natasha
  2209 | D:2      | Reached XP level 5. HP: 45/45 MP: 4/4
  2212 | D:2      | Killed Natasha
  2224 | D:2      | Found a faded altar of an unknown god.
  2228 | D:2      | 2228 ||| Stepping ~*~*~tactically~*~*~ (stealth).
  2244 | D:2      | 2244 ||| Stepping ~*~*~tactically~*~*~ (stealth).
  2245 | D:2      | 2245 ||| Stepping ~*~*~tactically~*~*~ (stealth).
  2351 | D:2      | 2351 ||| READING scroll labelled SICUHI ATOE.
  2352 | D:2      | 2352 ||| READING scroll labelled FOUFUI YTRIDEO.
  2353 | D:2      | 2353 ||| READING scroll labelled SEDES TAENK.
  2354 | D:2      | 2354 ||| READING 3 scrolls of identify.
  2354 | D:2      | 2354 ||| IDENTIFYING yellow potion
  2355 | D:2      | 2355 ||| READING 2 scrolls of identify.
  2355 | D:2      | 2355 ||| IDENTIFYING ruby potion
  2356 | D:2      | 2356 ||| DROPPING potion of attraction.
  2357 | D:2      | 2357 ||| Stepping randomly (stuck).
  2358 | D:2      | 2358 ||| Stepping ~*~*~tactically~*~*~ (cloud).
  2531 | D:3      | 2531 ||| STAIRDANCE
  2604 | D:3      | 2604 ||| Stepping ~*~*~tactically~*~*~ (hiding).
  2745 | D:3      | 2745 ||| Stepping ~*~*~tactically~*~*~ (stealth).
  2797 | D:3      | Found Uluminio's Armour Emporium.
  2805 | D:3      | 2805 ||| SHOPLISTING +0 chain mail (58 gold, have 45).
  2805 | D:3      | 2805 ||| SHOPLISTING +0 chain mail of cold resistance (149
                  | gold, have 45).
  2805 | D:3      | 2805 ||| SHOPLISTING +0 plate armour (299 gold, have 45).
  3254 | D:3      | 3254 ||| Stepping ~*~*~tactically~*~*~ (hiding).
  3356 | D:3      | 3356 ||| Stepping ~*~*~tactically~*~*~ (hiding).
  3458 | D:3      | 3458 ||| Stepping ~*~*~tactically~*~*~ (hiding).
  3560 | D:3      | 3560 ||| Stepping ~*~*~tactically~*~*~ (hiding).
  3662 | D:3      | 3662 ||| Stepping ~*~*~tactically~*~*~ (hiding).
  3764 | D:3      | 3764 ||| Stepping ~*~*~tactically~*~*~ (hiding).
  3866 | D:3      | 3866 ||| Stepping ~*~*~tactically~*~*~ (hiding).
  3968 | D:3      | 3968 ||| Stepping ~*~*~tactically~*~*~ (hiding).
  4070 | D:3      | 4070 ||| Stepping ~*~*~tactically~*~*~ (hiding).
  4172 | D:3      | 4172 ||| Stepping ~*~*~tactically~*~*~ (hiding).
  4232 | D:3      | Identified the +2 ring mail of Enormous Wonder {Int+8}
  4295 | D:3      | 4295 ||| DROPPING +2 ring mail of Enormous Wonder {Int+8}.
  4323 | D:4      | Reached skill level 7 in Axes
  4427 | D:4      | Reached XP level 6. HP: 22/52 MP: 5/5
  4661 | D:4      | 4661 ||| Stepping ~*~*~tactically~*~*~ (stealth).
  4666 | D:4      | Reached skill level 8 in Axes
  4671 | D:4      | 4671 ||| Stepping ~*~*~tactically~*~*~ (stealth).
  4672 | D:4      | 4672 ||| Stepping ~*~*~tactically~*~*~ (stealth).
  4674 | D:4      | 4674 ||| Stepping ~*~*~tactically~*~*~ (stealth).
  4694 | D:4      | 4694 ||| Stepping ~*~*~tactically~*~*~ (hiding).
  4782 | D:4      | 4782 ||| Stepping ~*~*~tactically~*~*~ (stealth).
  4783 | D:4      | 4783 ||| Stepping ~*~*~tactically~*~*~ (stealth).
  4792 | D:4      | 4792 ||| Stepping ~*~*~tactically~*~*~ (stealth).
  4821 | D:4      | 4821 ||| Stepping ~*~*~tactically~*~*~ (stealth).
  4822 | D:4      | 4822 ||| Stepping ~*~*~tactically~*~*~ (stealth).
  4823 | D:4      | 4823 ||| Stepping ~*~*~tactically~*~*~ (stealth).
  4825 | D:4      | 4825 ||| Stepping ~*~*~tactically~*~*~ (stealth).
  4847 | D:4      | 4847 ||| Stepping ~*~*~tactically~*~*~ (stealth).
  4851 | D:4      | 4851 ||| Stepping ~*~*~tactically~*~*~ (stealth).
  4853 | D:4      | 4853 ||| Stepping ~*~*~tactically~*~*~ (stealth).
  4941 | D:4      | 4941 ||| Stepping ~*~*~tactically~*~*~ (stealth).
  4976 | D:4      | 4976 ||| Stepping ~*~*~tactically~*~*~ (stealth).
  4999 | D:4      | 4999 ||| Stepping ~*~*~tactically~*~*~ (stealth).
  5000 | D:4      | 5000 ||| Stepping ~*~*~tactically~*~*~ (stealth).
  5002 | D:4      | 5002 ||| Stepping ~*~*~tactically~*~*~ (stealth).
  5112 | D:4      | 5112 ||| Stepping ~*~*~tactically~*~*~ (stealth).
  5114 | D:4      | 5114 ||| Stepping ~*~*~tactically~*~*~ (stealth).
  5117 | D:4      | 5117 ||| Stepping ~*~*~tactically~*~*~ (stealth).
  5118 | D:4      | 5118 ||| Stepping ~*~*~tactically~*~*~ (stealth).
  5261 | D:4      | 5261 ||| DROPPING amulet of faith.
  5262 | D:4      | 5262 ||| DRINKING 2 sedimented orange potions.
  5366 | D:4      | 5366 ||| DRINKING 2 fizzy puce potions.
  5367 | D:4      | 5367 ||| DRINKING 3 fizzy inky potions.
  5367 | D:4      | Reached skill level 16 in Axes
  5367 | D:4      | Reached XP level 7. HP: 59/59 MP: 6/6
  5368 | D:4      | 5368 ||| DRINKING 2 potions of experience.
  5368 | D:4      | Reached XP level 8. HP: 82/82 MP: 7/7
  5369 | D:4      | 5369 ||| DRINKING potion of experience.
  5369 | D:4      | Reached XP level 9. HP: 89/89 MP: 8/8
  5370 | D:4      | 5370 ||| DROPPING potion of berserk rage.
  5371 | D:4      | 5371 ||| DROPPING potion of degeneration.
  5395 | D:5      | Entered Level 5 of the Dungeon
  5399 | D:5      | 5399 ||| STAIRDANCE
  5404 | D:5      | 5404 ||| STAIRDANCE
  5409 | D:5      | 5409 ||| STAIRDANCE
  5446 | D:5      | 5446 ||| Stepping ~*~*~tactically~*~*~ (stealth).
  5450 | D:5      | 5450 ||| Stepping ~*~*~tactically~*~*~ (stealth).
  5466 | D:5      | 5466 ||| Stepping ~*~*~tactically~*~*~ (stealth).
  5467 | D:5      | 5467 ||| Stepping ~*~*~tactically~*~*~ (stealth).
  5574 | D:5      | Reached XP level 10. HP: 96/96 MP: 9/9
  5602 | D:5      | 5602 ||| Stepping ~*~*~tactically~*~*~ (stealth).
  5604 | D:5      | 5604 ||| Stepping ~*~*~tactically~*~*~ (stealth).
  5607 | D:5      | 5607 ||| Stepping ~*~*~tactically~*~*~ (stealth).
  5829 | D:5      | Found a radiant altar of Vehumet.
  6199 | D:5      | 6199 ||| UPGRADING to +0 cloak.
  6204 | D:5      | 6204 ||| READING scroll labelled LYVUSU OTTEGA.
  6205 | D:5      | 6205 ||| READING scroll labelled OFIEKU DUASTRUNT.
  6220 | D:6      | Found a staircase to the Ecumenical Temple.
  6221 | D:6      | 6221 ||| PLANNING TEMPLE
  6252 | Temple   | Entered the Ecumenical Temple
  6328 | Temple   | Became a worshipper of Ru the Awakened
  6341 | Temple   | 6341 ||| PLANNING D:1-11
  6742 | D:6      | 6742 ||| Stepping ~*~*~tactically~*~*~ (stealth).
  6822 | D:6      | 6822 ||| DROPPING +0 flail.
  6996 | D:6      | 6996 ||| DROPPING amulet of magic regeneration.
  6997 | D:6      | 6997 ||| READING 2 scrolls labelled OXTUDE KEESUYMN.
  7020 | D:6      | 7020 ||| Stepping ~*~*~tactically~*~*~ (stealth).
  7025 | D:6      | 7025 ||| Stepping ~*~*~tactically~*~*~ (cloud).
  7026 | D:6      | 7026 ||| Stepping ~*~*~tactically~*~*~ (cloud).
  7036 | D:6      | Reached skill level 1 in Throwing
  7254 | D:6      | Noticed Eustachio
  7269 | D:6      | Killed Eustachio
  7294 | D:6      | 7294 ||| Stepping ~*~*~tactically~*~*~ (stealth).
  7296 | D:6      | 7296 ||| Stepping ~*~*~tactically~*~*~ (stealth).
  7298 | D:6      | 7298 ||| Stepping ~*~*~tactically~*~*~ (stealth).
  7300 | D:6      | 7300 ||| Stepping ~*~*~tactically~*~*~ (hiding).
  7343 | D:6      | 7343 ||| Stepping ~*~*~tactically~*~*~ (stealth).
  7349 | D:6      | 7349 ||| Stepping ~*~*~tactically~*~*~ (stealth).
  7351 | D:6      | 7351 ||| Stepping ~*~*~tactically~*~*~ (stealth).
  7424 | D:6      | Noticed Grinder
  7432 | D:6      | Killed Grinder
  7434 | D:6      | 7434 ||| Stepping ~*~*~tactically~*~*~ (hiding).
  7436 | D:6      | 7436 ||| Stepping ~*~*~tactically~*~*~ (hiding).
  7569 | D:6      | 7569 ||| Stepping ~*~*~tactically~*~*~ (stealth).
  7571 | D:6      | 7571 ||| Stepping ~*~*~tactically~*~*~ (stealth).
  7573 | D:6      | 7573 ||| Stepping ~*~*~tactically~*~*~ (stealth).
  7587 | D:6      | 7587 ||| Stepping ~*~*~tactically~*~*~ (stealth).
  7588 | D:6      | 7588 ||| Stepping ~*~*~tactically~*~*~ (stealth).
  7612 | D:6      | 7612 ||| Stepping ~*~*~tactically~*~*~ (stealth).
  7622 | D:6      | 7622 ||| Stepping ~*~*~tactically~*~*~ (stealth).
  7624 | D:6      | 7624 ||| Stepping ~*~*~tactically~*~*~ (stealth).
  7626 | D:6      | 7626 ||| Stepping ~*~*~tactically~*~*~ (stealth).
  7638 | D:6      | 7638 ||| Stepping ~*~*~tactically~*~*~ (stealth).
  7639 | D:6      | 7639 ||| Stepping ~*~*~tactically~*~*~ (stealth).
  7641 | D:6      | 7641 ||| Stepping ~*~*~tactically~*~*~ (stealth).
  7643 | D:6      | 7643 ||| Stepping ~*~*~tactically~*~*~ (hiding).
  7663 | D:6      | 7663 ||| Stepping ~*~*~tactically~*~*~ (stealth).
  7675 | D:6      | 7675 ||| Stepping ~*~*~tactically~*~*~ (stealth).
  7742 | D:6      | 7742 ||| INVOKING Sacrifice Experience.
  7742 | D:6      | Gained mutation: You are somewhat inexperienced. (-1 XL)
                  | [Ru sacrifice]
  7742 | D:6      | Reached XP level 9. HP: 89/89 MP: 8/8
  7742 | D:6      | Reached * piety under Ru
  7779 | D:6      | Noticed Menkaure
  7780 | D:6      | 7780 ||| Stepping ~*~*~tactically~*~*~ (hiding).
  7786 | D:6      | Killed Menkaure
  7787 | D:6      | Reached skill level 6 in Shields
  7931 | D:6      | 7931 ||| UPGRADING to ring of positive energy.
  7932 | D:6      | 7932 ||| DRINKING 3 smoky brown potions.
  7987 | D:6      | 7987 ||| DROPPING 2 potions of lignification.
  8091 | D:7      | 8091 ||| Stepping ~*~*~tactically~*~*~ (stealth).
  8462 | D:7      | 8462 ||| Stepping ~*~*~tactically~*~*~ (stealth).
  8697 | D:7      | Found a sparkling altar of Nemelex Xobeh.
  8828 | D:7      | 8828 ||| UPGRADING to +0 chain mail.
  8838 | D:7      | 8838 ||| DROPPING +0 scale mail.
  8839 | D:7      | 8839 ||| DROPPING scarf of harm.
  8840 | D:7      | 8840 ||| READING 3 scrolls of identify.
  8840 | D:7      | 8840 ||| IDENTIFYING white potion
  8841 | D:7      | 8841 ||| READING 2 scrolls of identify.
  8841 | D:7      | 8841 ||| IDENTIFYING amethyst potion
  8860 | D:8      | 8860 ||| STAIRDANCE
  8867 | D:8      | 8867 ||| STAIRDANCE
  9142 | D:8      | 9142 ||| Stepping ~*~*~tactically~*~*~ (stealth).
  9144 | D:8      | 9144 ||| Stepping ~*~*~tactically~*~*~ (stealth).
  9146 | D:8      | 9146 ||| Stepping ~*~*~tactically~*~*~ (stealth).
  9152 | D:8      | 9152 ||| Stepping ~*~*~tactically~*~*~ (stealth).
  9154 | D:8      | 9154 ||| Stepping ~*~*~tactically~*~*~ (stealth).
  9175 | D:8      | Noticed Grum
  9188 | D:8      | HP: 18/89 [Grum/+1 halberd (9)]
  9189 | D:8      | 9189 ||| READING 2 scrolls of teleportation.
  9190 | D:8      | 9190 ||| DRINKING potion of heal wounds.
  9194 | D:8      | 9194 ||| Stepping ~*~*~tactically~*~*~ (stealth).
  9200 | D:8      | HP: 19/89 [wyvern (5)]
  9201 | D:8      | 9201 ||| READING scroll of teleportation.
  9201 | D:8      | HP: 8/89 [bullfrog (3)]
  9201 | D:8      | Slain by a wyvern

Levels and vault maps discovered:
D:1:      dpeg_arrival_tiny_d, layout_basic
D:2:      layout_basic, hellmonk_ecumenical_altar_blasted, uniq_robin,
          uniq_natasha
D:3:      layout_basic, serial_shops, shop, minmay_misc_feat_cross
D:4:      layout_basic, minmay_vboxes
D:5:      layout_basic, vehumet_crystals, serial_bayou, serial_bayou_lagoon_a,
          serial_bayou_shore_a, serial_bayou_pond_b, serial_bayou_ford_a
D:6:      minmay_general_purpose_star, layout_loops_corners,
          minmay_temple_entry_statues_pillars, uniq_eustachio, uniq_menkaure,
          uniq_grinder
D:7:      layout_cave_pools, nemelex_diamond_rough_becter,
          minmay_splitting_lines
D:8:      layout_basic, dpeg_oklobed_lair, uniq_grum, uniq_psyche
Temple:   mainiacjoe_temple_cubbyholes

Skill      XL: |  1  2  3  4  5  6  7  8  9 10 |
---------------+-------------------------------+-----
Axes           | 3 4 5 6 7 16 | 16.9
Dodging        | 1 8 |  8.4
Fighting       | 4 11 | 11.6
Shields        | 6 5 |  6.1
Armour         | 5 |  5.5
Throwing       | 1 |  1.1

Action                   |  1- 3 |  4- 6 |  7- 9 | 10-12 || total
-------------------------+-------+-------+-------+-------++-------
Melee: War axe           |    86 |    90 |    97 |    94 ||   367
       Headbutt          |     4 |    12 |    20 |    11 ||    47
Throw: Boomerang         |       |       |    25 |     8 ||    33
Invok: Sacrifice Experie |       |       |     1 |       ||     1
  Use: Scroll            |     5 |     5 |     4 |     3 ||    17
       Potion            |     1 |     3 |     4 |       ||     8
Armor: Scale mail        |    32 |    24 |    16 |    24 ||    96
       Chain mail        |       |       |    11 |       ||    11
Dodge: Dodged            |    42 |    30 |    38 |    25 ||   135
Block: Buckler           |    13 |    14 |    18 |    11 ||    56

Table legend:
 A = Non-vault XP
 B = Vault XP
 C = Vault XP percentage of total XP
 D = Non-vault monster count
 E = Vault monster count
 F = Vault count percentage of total count
                 A         B        C        D         E       F
            +---------+---------+-------+---------+---------+-------
      Total |    4175 |    1320 |  24.0 |     170 |      32 |  15.8
            +---------+---------+-------+---------+---------+-------
        D:1 |      58 |       0 |   0.0 |      30 |       0 |   0.0
        D:2 |     109 |      72 |  39.8 |      30 |      13 |  30.2
        D:3 |      27 |       0 |   0.0 |      12 |       0 |   0.0
        D:4 |     513 |      23 |   4.3 |      23 |       6 |  20.7
        D:5 |     317 |     263 |  45.3 |      18 |       5 |  21.7
        D:6 |    1260 |     962 |  43.3 |      20 |       8 |  28.6
        D:7 |    1502 |       0 |   0.0 |      24 |       0 |   0.0
        D:8 |     389 |       0 |   0.0 |      13 |       0 |   0.0
            +---------+---------+-------+---------+---------+-------
